AoeStats
← EMPEROR98265292

Pilgrims

510150305Analyzed
4v4 RM · 3d ago on Sep 29, 2026· 29m 18s· 8 players
Game mode
Random Map
Map size
Large (8 player)
Population
200
Speed
Normal
Resources
Standard
Victory
Conquest
Starting age
Dark Age
Ending age
Imperial Age
RankedLock teamsTeams togetherTeam positionsShared explorationLock speedFull tech treeHidden civsTurbo modeCheats
Victory
Defeat
🇩🇪 Dravidians · Germany
1470
+16
🇹🇷 Portuguese · Türkiye
1461
+17
🇩🇪 Japanese · Germany
1448
+17
🇩🇪 Armenians · Germany
1377
+20
🇮🇳 Danes · India
1572
-21
🇬🇧 Vietnamese · United Kingdom
1485
-18
🇪🇨 Varangians · Ecuador
1434
-16
🇮🇳 Italians · India
1419
-15
JavelinMen
5:26 Loom
14:10 Feudal Age
17:42 Castle Age
17:08 Stone Mining
22:01 Imperial Age
21:12 Fishing Lines
21:47 Double-Bit Axe
23:08 Bow Saw
25:36 Fletching
27:31 Chemistry
28:32 Wheelbarrow
28:33 Elite Organ Gun
chrissi.pk
6:45 Loom
9:59 Feudal Age
13:04 Fletching
18:49 Castle Age
18:37 Scale Mail Armor
18:36 Pikeman
19:39 Bodkin Arrow
20:39 Man-at-Arms
21:12 Long Swordsman
21:53 Fishing Lines
22:14 Two-Handed Swordsman
22:57 Town Watch
26:24 Wheelbarrow
26:51 Medium Warships
27:11 Chain Mail Armor
JoPo21
9:49 Feudal Age
11:01 Double-Bit Axe
12:37 Forging
12:20 Fishing Lines
17:42 Castle Age
18:44 Medium Warships
18:26 Gillnets
20:40 Bow Saw
20:48 Loom
21:39 Wheelbarrow
20:50 Town Watch
20:45 Pikeman
21:26 Squires
24:43 Gold Mining
25:17 Husbandry
28:02 Imperial Age
26:55 Fletching
27:06 Padded Archer Armor
29:15 Ballistics
29:31 Bodkin Arrow
29:51 Leather Archer Armor
[SavBs] Der Habicht
6:07 Loom
12:01 Feudal Age
16:14 Castle Age
21:41 Scale Mail Armor
23:55 Chain Mail Armor
25:02 Forging
25:09 Double-Bit Axe
26:35 Iron Casting
Frankie Fast Hands
5:33 Loom
10:26 Feudal Age
13:59 Castle Age
13:44 Fletching
24:57 Imperial Age
24:32 Padded Archer Armor
EMPEROR98265292
6:09 Loom
11:24 Feudal Age
14:58 Castle Age
12:45 Double-Bit Axe
13:43 Fletching
16:02 Bodkin Arrow
23:21 Padded Archer Armor
24:43 Leather Archer Armor
Maty
8:49 Loom
10:35 Feudal Age
12:47 Fishing Lines
14:45 Double-Bit Axe
16:00 Horse Collar
17:23 Town Watch
20:23 Castle Age
19:22 Bloodlines
19:16 Gold Mining
20:24 Forging
22:50 Bow Saw
22:44 Fletching
23:52 Bodkin Arrow
28:42 Careening
Sanskari Ladka
9:01 Feudal Age
12:43 Wheelbarrow
12:01 Loom
12:53 Wheelbarrow
14:53 Castle Age
Connection lost

Rejoining the realm…

Still unreachable

The connection could not be restored.

Session expired

The server has moved on; the page needs a fresh start.